 Dungeon Crawl Stone Soup version 0.30-a0-371-gad7725a93e (webtiles) character file.

Game seed: 11734892581289587986

189 mopl the Sneak (level 5, 0/36 HPs)
             Began as an Octopode Brigand on Nov 20, 2022.
             Slain by Edmund
             ... wielding a +2 flail of protection
              (5 damage)
             ... on level 4 of the Dungeon.
             The game lasted 00:03:41 (2963 turns).

mopl the Sneak (Octopode Brigand)                   Turns: 2963, Time: 00:03:41

Health: 0/36       AC:  1    Str: 10    XL:     5   Next: 68%
Magic:  5/5        EV: 12    Int: 15    God:
Gold:   84         SH:  3    Dex: 14    Spells: 4/4 levels left

rFire   . . .      SeeInvis .    a - +2 dagger
rCold   . . .      Faith    .    h - +0 buckler
rNeg    . . .      Spirit   .    (helmet restricted)
rPois   .          Reflect  .    (no amulet)
rElec   .          Harm     .    (no ring)
rCorr   .          Rampage  .    (no ring)
Will    .....                    (no ring)
Stlth   ++++......               (no ring)
HPRegen 0.26/turn                (no ring)
MPRegen 0.09/turn                (no ring)
                                 (no ring)
                                 (no ring)

@: no status effects
A: almost no armour, amphibious, 8 rings, camouflage 1, gelatinous body 1,
(nimble swimmer 1), tentacles
a: no special abilities


You were on level 4 of the Dungeon.
You visited 1 branch of the dungeon, and saw 4 of its levels.

You collected 84 gold pieces.

Inventory:

Hand Weapons
 a - a +2 dagger (weapon)
Missiles
 b - 6 poisoned darts (quivered)
 c - 3 curare-tipped darts
 q - 2 datura-tipped darts
 v - 2 boomerangs
Armour
 h - a +0 buckler (worn)
Jewellery
 g - a ring of ice
Wands
 t - a wand of flame (21)
Scrolls
 e - a scroll of immolation {unknown}
 j - a scroll of teleportation {unknown}
 l - a scroll of silence {unknown}
 o - 2 scrolls of identify {unknown}
 r - a scroll of magic mapping {unknown}
 s - a scroll of butterflies {unknown}
Potions
 d - a potion of cancellation {unknown}
 f - 4 potions of curing {unknown}
 i - a potion of attraction {unknown}
 k - a potion of haste {unknown}
 m - 2 potions of flight {unknown}
 n - a potion of mutation {unknown}
 p - 3 potions of lignification {unknown}
 u - a potion of brilliance {unknown}


   Skills:
 + Level 3.2 Fighting
 - Level 2.0(2.5) Short Blades
 + Level 2.3(2.7) Long Blades
 + Level 3.2 Throwing
 - Level 1.0 Dodging
 + Level 6.6 Stealth


You had 4 spell levels left.
You didn't know any spells.
Your spell library was empty.

Dungeon Overview and Level Annotations

Branches:
Dungeon (4/15)
 Temple: D:4-7

Altars:

Annotations:
D:4 Edmund


Innate Abilities, Weirdness & Mutations

You cannot wear most types of armour.
You are amphibious.
You can wear up to eight rings at the same time.
Your skin changes colour to match your surroundings (Stealth+).
Your rubbery body absorbs attacks. (AC +1, EV +1)
((You are camouflaged when in or above water. (Stealth+)))
You have tentacles for arms and can constrict up to eight enemies at once.


Message History

Edmund looks even sicker.
Edmund is lightly wounded.
Throw: 7 darts (poison)
Press: ? - help, Q - select action, (/) - cycle Shift-Dir - straight line, f/p - Edmund
Aim: Edmund, wielding a +2 flail of protection and wearing a +0 ring mail (lightly wounded, very poisoned, 64% to hit)
You throw a poisoned dart. The poisoned dart hits Edmund!
Edmund looks as sick as possible!
Edmund is lightly wounded.
You closely miss Edmund. You grab Edmund.
Edmund is lightly wounded.
You constrict Edmund, but do no damage.
Edmund hits you with a +2 flail of protection!
You hit Edmund but do no damage.
Edmund is lightly wounded.
You constrict Edmund, but do no damage. Edmund closely misses you.
You hit Edmund but do no damage.
Edmund is moderately wounded.
You constrict Edmund, but do no damage. Edmund closely misses you.
You hit Edmund but do no damage.
Edmund is moderately wounded.
You constrict Edmund. Edmund closely misses you.
You hit Edmund.
Edmund is moderately wounded.
You constrict Edmund, but do no damage.
Edmund hits you with a +2 flail of protection!
You are too injured to fight recklessly!
You are too injured to fight recklessly!
You barely miss Edmund. You squeeze Edmund, but do no damage.
Edmund is moderately wounded.
You constrict Edmund, but do no damage. Edmund closely misses you.
You hit Edmund but do no damage.
Edmund is heavily wounded.
You constrict Edmund, but do no damage.
Edmund hits you with a +2 flail of protection!
* * * LOW HITPOINT WARNING * * *
You hit Edmund but do no damage.
Edmund is heavily wounded.
You constrict Edmund.
Edmund hits you with a +2 flail of protection.
You die...

.((.... .......
.(..... ..>....
(...... (......
###@...... #.@..#
#.##.# #.##.#.####
#..........
############.###.###<
#...........)....# .#
#.##########)#####...#
#.# #.....<.#...@.#
#.# #.#####.#.#


You could see Edmund (very poisoned).

Vanquished Creatures
  Crazy Yiuf (D:3)
  Robin (D:3)
  6 adders
  3 gnolls
  A dart slug (D:3)
  3 orcs (D:4)
  4 endoplasms
  2 giant cockroaches (D:1)
  11 goblins
  11 hobgoblins
  A kobold (D:2)
  7 ball pythons
  3 bats
  3 frilled lizards
  3 rats
60 creatures vanquished.

Vanquished Creatures (others)
  2 plants (D:3)
2 creatures vanquished.

Grand Total: 62 creatures vanquished

Notes
Turn   | Place    | Note
-------+----------+-------------------------------------------
     0 | D:1      | mopl the Octopode Brigand began the quest for the Orb.
     0 | D:1      | Reached XP level 1. HP: 14/14 MP: 1/1
   141 | D:1      | Found a faded altar of an unknown god.
   302 | D:1      | Reached XP level 2. HP: 19/19 MP: 2/2
   794 | D:2      | Reached skill level 1 in Long Blades
   794 | D:2      | Reached XP level 3. HP: 13/25 MP: 3/3
   999 | D:2      | Reached skill level 6 in Stealth
   999 | D:2      | Reached XP level 4. HP: 30/30 MP: 4/4
  1671 | D:3      | Found a runed translucent door.
  1672 | D:3      | Noticed Crazy Yiuf
  1680 | D:3      | Killed Crazy Yiuf
  1681 | D:3      | Reached skill level 3 in Fighting
  1681 | D:3      | Reached skill level 2 in Long Blades
  1681 | D:3      | Reached skill level 3 in Throwing
  1681 | D:3      | Reached XP level 5. HP: 36/36 MP: 5/5
  1735 | D:3      | Noticed Robin
  2575 | D:3      | Killed Robin
  2892 | D:4      | Noticed Edmund
  2963 | D:4      | Slain by Edmund

Illustrated notes

Levels and vault maps discovered:
D:1:      scummos_arrival_gate, layout_loops_ring,
          ebering_ecumenical_altar_sacrificial
D:2:      layout_rooms, grunt_decor_resistance
D:3:      layout_basic, serial_bayou_crossing, uniq_robin,
          uniq_crazy_yiuf_cottage
D:4:      layout_basic, nicolae_ru_sacrificial_ziggurat,
          minmay_temple_entry_mini_moons, uniq_eustachio, uniq_menkaure,
          uniq_edmund

Skill      XL: |  1  2  3  4 |
---------------+-------------+-----
Long Blades    | 1 2 |  2.3
Stealth        | 6 |  6.6
Fighting       | 3 |  3.2
Throwing       | 3 |  3.2
Short Blades   | |  2.0
Dodging        | |  1.0

Action                   |  1- 3 |  4- 6 || total
-------------------------+-------+-------++-------
Melee: Dagger            |    40 |    94 ||   134
       Constrict         |     6 |    23 ||    29
       Tentacles         |     5 |    21 ||    26
       Punch             |       |     3 ||     3
Throw: Dart              |       |     5 ||     5
 Stab: Sleeping          |    11 |    10 ||    21
Armor: Skin              |     2 |     7 ||     9
Dodge: Dodged            |    16 |    54 ||    70
Block: Buckler           |     4 |    10 ||    14

Table legend: (Time is in decaauts)
 A = Elapsed time spent in this place.
 B = Non-inter-level travel time spent in this place.
 C = Inter-level travel time spent in this place.
 D = Time resting spent in this place.
 E = Time spent auto-exploring this place.
 F = Levels seen in this place.
 G = Mean time per level.
                   A        B        C        D        E       F      G
               +--------+--------+--------+--------+--------+-----+--------+
         Total |   2955 |   2892 |     63 |    311 |   2041 |   4 |  738.8 |
       Dungeon |   2955 |   2892 |     63 |    311 |   2041 |   4 |  738.8 |
               +--------+--------+--------+--------+--------+-----+--------+

Top non-repeatable levels by time:
     D:3: 1475 daAuts
     D:1: 700 daAuts
     D:2: 507 daAuts
     D:4: 272 daAuts
